| TOP OF THE 1ST |
|
Augusta GreenJackets batting - Pitching for Hagerstown Suns : RHP Brian Walker
|
|
Pitching: RHP Brian Walker
|
|
|
Batting: RHB Yutaka Oki
|
0-0: Ball 1-0: Fly out, F7 (Flyball, 7, EV 90.6 MPH)
|
|
Batting: RHB Bill Defazio
|
0-0: Called Strike 0-1: Ball 1-1: Foul Ball, location: 2F 1-2: Ball 2-2: Strikes out swinging
|
|
Batting: RHB Adam Solesbee
|
0-0: Called Strike 0-1: Swinging Strike 0-2: Strikes out swinging
|
| Top of the 1st over - 0 runs, 0 hits, 0 errors, 0 left on base; Augusta 0 - Hagerstown 0 |
| BOTTOM OF THE 1ST |
|
Hagerstown Suns batting - Pitching for Augusta GreenJackets : RHP Sanya Mikushevich
|
|
Pitching: RHP Sanya Mikushevich
|
|
|
Batting: SHB Dan Castaneda
|
0-0: Called Strike 0-1: Ball 1-1: Ball 2-1: Ball 3-1: Base on Balls
|
|
Batting: RHB Victor Cintron
|
0-0: Ball Dan Castaneda steals 2nd base 1-0: Called Strike 1-1: Foul Ball, location: 2F 1-2: Ball 2-2: Strikes out swinging
|
|
Batting: RHB Kevin Whitenack
|
0-0: Ball Dan Castaneda steals 3rd, throwing error, E2 Dan Castaneda scores 1-0: Ball 2-0: Fly out, F8 (Flyball, 89M, EV 83.8 MPH)
|
|
Batting: RHB Slavik Nebrodov
|
0-0: Called Strike 0-1: Ground out 5-3 (Groundball, 56S, EV 63.1 MPH)
|
| Bottom of the 1st over - 1 run, 0 hits, 1 error, 0 left on base; Augusta 0 - Hagerstown 1 |
| TOP OF THE 2ND |
|
Augusta GreenJackets batting - Pitching for Hagerstown Suns : RHP Brian Walker
|
|
Batting: LHB Fred Arends
|
0-0: Ball 1-0: Ground out 1-3 (Groundball, 15S, EV 65.0 MPH)
|
|
Batting: RHB Dave Crouch
|
0-0: Swinging Strike 0-1: Ball 1-1: Ground out 4-3 (Groundball, 4S, EV 85.0 MPH)
|
|
Batting: RHB Micah McErlean
|
0-0: Foul Ball, location: 2F 0-1: Ground out 6-3 (Groundball, 6, EV 88.1 MPH)
|
| Top of the 2nd over - 0 runs, 0 hits, 0 errors, 0 left on base; Augusta 0 - Hagerstown 1 |
| BOTTOM OF THE 2ND |
|
Hagerstown Suns batting - Pitching for Augusta GreenJackets : RHP Sanya Mikushevich
|
|
Batting: RHB Jesus Malave
|
0-0: Swinging Strike 0-1: Foul Ball, location: 2F 0-2: Strikes out looking
|
|
Batting: RHB Jim Towle
|
0-0: Ball 1-0: Ball 2-0: Ground out U3 (Groundball, 34S, EV 83.8 MPH)
|
|
Batting: RHB Travis Stanley
|
0-0: Ball 1-0: Ball 2-0: Ball 3-0: Called Strike 3-1: DOUBLE (Groundball, 5L, EV 100.0 MPH)
|
|
Batting: RHB Joe Young
|
0-0: Called Strike 0-1: Ball 1-1: Foul Ball, location: 2F 1-2: Ball 2-2: Ball 3-2: Ground out 6-3 (Groundball, 6, EV 100.6 MPH)
|
| Bottom of the 2nd over - 0 runs, 1 hit, 0 errors, 1 left on base; Augusta 0 - Hagerstown 1 |
| TOP OF THE 3RD |
|
Augusta GreenJackets batting - Pitching for Hagerstown Suns : RHP Brian Walker
|
|
Batting: RHB Devin Lowery
|
0-0: Ball 1-0: Called Strike 1-1: Ground out 4-3 (Groundball, 4, EV 103.8 MPH)
|
|
Batting: LHB James Wheaton
|
0-0: Called Strike 0-1: Ball 1-1: Ball 2-1: Fly out, F6 (Popup, 56, EV 78.8 MPH)
|
|
Batting: RHB Willie Sanchez
|
0-0: Ball 1-0: Called Strike 1-1: Swinging Strike 1-2: Fly out, F9 (Line Drive, 9, EV 87.5 MPH)
|
| Top of the 3rd over - 0 runs, 0 hits, 0 errors, 0 left on base; Augusta 0 - Hagerstown 1 |
| BOTTOM OF THE 3RD |
|
Hagerstown Suns batting - Pitching for Augusta GreenJackets : RHP Sanya Mikushevich
|
|
Batting: RHB Chris Pynn
|
0-0: Ball 1-0: Fly out, F8 (Flyball, 8LXD, EV 93.8 MPH)
|
|
Batting: SHB Dan Castaneda
|
0-0: Ball 1-0: Ball 2-0: Ball 3-0: Base on Balls
|
|
Batting: RHB Victor Cintron
|
0-0: Ball 1-0: Called Strike Dan Castaneda steals 2nd base 1-1: Foul Ball, location: 2F 1-2: Strikes out swinging
|
|
Batting: RHB Kevin Whitenack
|
0-0: Ball 1-0: Called Strike 1-1: SINGLE (Flyball, 56D, EV 93.1 MPH) Dan Castaneda to third Runner from 3rd tries for Home, throw by LF and OUT! 7-2
|
| Bottom of the 3rd over - 0 runs, 1 hit, 0 errors, 1 left on base; Augusta 0 - Hagerstown 1 |
| TOP OF THE 4TH |
|
Augusta GreenJackets batting - Pitching for Hagerstown Suns : RHP Brian Walker
|
|
Batting: RHB Yutaka Oki
|
0-0: Called Strike 0-1: Foul Ball, location: 2F 0-2: SINGLE (Groundball, 56S, EV 74.4 MPH) (infield hit)
|
|
Batting: RHB Bill Defazio
|
0-0: Ball 1-0: Foul Ball, location: 2F 1-1: Ball Pickoff Throw by Catcher to First - Out! 2-1: Foul Ball, location: 2F 2-2: Strikes out looking
|
|
Batting: RHB Adam Solesbee
|
0-0: Called Strike 0-1: Called Strike 0-2: Ball 1-2: Fly out, F9 (Flyball, 9LS, EV 83.8 MPH)
|
| Top of the 4th over - 0 runs, 1 hit, 0 errors, 0 left on base; Augusta 0 - Hagerstown 1 |
| BOTTOM OF THE 4TH |
|
Hagerstown Suns batting - Pitching for Augusta GreenJackets : RHP Sanya Mikushevich
|
|
Batting: RHB Slavik Nebrodov
|
0-0: Swinging Strike 0-1: Called Strike 0-2: Strikes out looking
|
|
Batting: RHB Jesus Malave
|
0-0: Ball 1-0: Swinging Strike 1-1: Ball 2-1: Foul Ball, location: 2F 2-2: Foul Ball, location: 2F 2-2: Foul Ball, location: 2F 2-2: Ball 3-2: Ground out 1-3 (Groundball, 13S, EV 65.6 MPH)
|
|
Batting: RHB Jim Towle
|
0-0: Ball 1-0: Swinging Strike 1-1: Ball 2-1: Foul Ball, location: 2F 2-2: Ground out 5-3 (Groundball, 56S, EV 88.8 MPH)
|
| Bottom of the 4th over - 0 runs, 0 hits, 0 errors, 0 left on base; Augusta 0 - Hagerstown 1 |
| TOP OF THE 5TH |
|
Augusta GreenJackets batting - Pitching for Hagerstown Suns : RHP Brian Walker
|
|
Batting: LHB Fred Arends
|
0-0: Ball 1-0: Ball 2-0: Ball 3-0: Base on Balls
|
|
Batting: RHB Dave Crouch
|
0-0: Ball 1-0: Called Strike 1-1: Foul Ball, location: 2F 1-2: Foul Ball, location: 2F 1-2: DOUBLE (Flyball, 8LD, EV 91.9 MPH) Fred Arends to third
|
|
Batting: RHB Micah McErlean
|
0-0: SINGLE (Line Drive, 89S, EV 92.5 MPH) Fred Arends scores Dave Crouch to third
|
|
Batting: RHB Devin Lowery
|
0-0: Foul Ball, location: 2F 0-1: Swinging Strike 0-2: Ball 1-2: Ball 2-2: Ball 3-2: Strikes out swinging
|
|
Batting: LHB James Wheaton
|
Pickoff Throw to First - Error! E1 Dave Crouch scores Micah McErlean to second 0-0: Ball 1-0: TRIPLE (Flyball, 89XD, EV 103.8 MPH) Micah McErlean scores
|
|
Batting: RHB Willie Sanchez
|
0-0: Called Strike 0-1: Foul Ball, location: 2F 0-2: Ball 1-2: Ground out 5-3 (Groundball, 56, EV 108.8 MPH) James Wheaton scores
|
|
Batting: RHB Yutaka Oki
|
0-0: Fly out, F8 (Flyball, 8LM, EV 90.6 MPH)
|
| Top of the 5th over - 4 runs, 3 hits, 1 error, 0 left on base; Augusta 4 - Hagerstown 1 |
| BOTTOM OF THE 5TH |
|
Hagerstown Suns batting - Pitching for Augusta GreenJackets : RHP Sanya Mikushevich
|
|
Batting: RHB Travis Stanley
|
0-0: Ball 1-0: Ball 2-0: Called Strike 2-1: Swinging Strike 2-2: Strikes out swinging
|
|
Batting: RHB Joe Young
|
0-0: Called Strike 0-1: Ball 1-1: Foul Ball, location: 2F 1-2: Strikes out swinging
|
|
Batting: RHB Chris Pynn
|
0-0: Ball 1-0: Ball 2-0: Called Strike 2-1: Swinging Strike 2-2: Strikes out swinging
|
| Bottom of the 5th over - 0 runs, 0 hits, 0 errors, 0 left on base; Augusta 4 - Hagerstown 1 |
| TOP OF THE 6TH |
|
Augusta GreenJackets batting - Pitching for Hagerstown Suns : RHP Brian Walker
|
|
Batting: RHB Bill Defazio
|
0-0: Called Strike 0-1: Ball 1-1: Ball 2-1: SINGLE (Groundball, 6M, EV 99.4 MPH) (infield hit)
|
|
Batting: RHB Adam Solesbee
|
0-0: Called Strike 0-1: Ball 1-1: Grounds into double play, 6-4-3 (Groundball, 6, EV 86.9 MPH)
|
|
Batting: LHB Fred Arends
|
0-0: Ball 1-0: Ball 2-0: Ground out 3-1 (Groundball, 34S, EV 90.0 MPH)
|
| Top of the 6th over - 0 runs, 1 hit, 0 errors, 0 left on base; Augusta 4 - Hagerstown 1 |
| BOTTOM OF THE 6TH |
|
Hagerstown Suns batting - Pitching for Augusta GreenJackets : RHP Sanya Mikushevich
|
|
Pitching: LHP Gil Longoria
|
|
|
Batting: SHB Dan Castaneda
|
0-0: Ball 1-0: Fly out, F8 (Flyball, 8LS, EV 90.6 MPH)
|
|
Batting: RHB Victor Cintron
|
0-0: Ball 1-0: SINGLE (Groundball, 56D, EV 98.8 MPH)
|
|
Batting: RHB Kevin Whitenack
|
0-0: Called Strike Victor Cintron is caught stealing 2nd base 2-4 0-1: Ball 1-1: Called Strike 1-2: Strikes out swinging
|
| Bottom of the 6th over - 0 runs, 1 hit, 0 errors, 0 left on base; Augusta 4 - Hagerstown 1 |
| TOP OF THE 7TH |
|
Augusta GreenJackets batting - Pitching for Hagerstown Suns : RHP Brian Walker
|
|
Batting: RHB Dave Crouch
|
0-0: Foul Ball, location: 2F 0-1: SINGLE (Line Drive, 4MD, EV 94.4 MPH)
|
|
Batting: RHB Micah McErlean
|
0-0: Called Strike 0-1: Ball 1-1: Called Strike 1-2: Foul Ball, location: 2F 1-2: Ball 2-2: Ball Wild Pitch! Dave Crouch to second 3-2: Foul Ball, location: 2F 3-2: Fly out, F8 (Line Drive, 8LD, EV 91.2 MPH)
|
|
Pitching: RHP Roy Walker
|
|
|
Batting: RHB Devin Lowery
|
0-0: Ball 1-0: Foul Ball, location: 2F 1-1: Ball 2-1: Ball 3-1: Base on Balls
|
|
Batting: LHB James Wheaton
|
0-0: Called Strike 0-1: Ball 1-1: Called Strike 1-2: Fielders Choice at 2nd, 3-6 (Groundball, 34S, EV 86.2 MPH) Dave Crouch to third
|
|
Batting: RHB Willie Sanchez
|
0-0: Ball 1-0: Fly out, F8 (Flyball, 8RM, EV 95.6 MPH)
|
| Top of the 7th over - 0 runs, 1 hit, 0 errors, 2 left on base; Augusta 4 - Hagerstown 1 |
| BOTTOM OF THE 7TH |
|
Hagerstown Suns batting - Pitching for Augusta GreenJackets : LHP Gil Longoria
|
|
Batting: RHB Slavik Nebrodov
|
0-0: Foul Ball, location: 2F 0-1: Foul Ball, location: 2F 0-2: Foul Ball, location: 2F 0-2: Ball 1-2: Foul Ball, location: 2F 1-2: Ball 2-2: Foul Ball, location: 2F 2-2: Strikes out looking
|
|
Batting: RHB Jesus Malave
|
0-0: Foul Ball, location: 2F 0-1: Ball 1-1: Ball 2-1: SINGLE (Groundball, 6M, EV 98.8 MPH) (infield hit)
|
|
Batting: RHB Jim Towle
|
0-0: Ball 1-0: Ball 2-0: Called Strike 2-1: Ball 3-1: Foul Ball, location: 2F 3-2: Base on Balls Jesus Malave to second
|
|
Batting: RHB Travis Stanley
|
0-0: Ball 1-0: Called Strike 1-1: Fly out, F6 (Line Drive, 6, EV 69.4 MPH)
|
|
Batting: RHB Joe Young
|
0-0: Called Strike 0-1: Ball 1-1: Ball 2-1: Ball 3-1: Ground out 3-1 (Groundball, 34S, EV 67.5 MPH)
|
| Bottom of the 7th over - 0 runs, 1 hit, 0 errors, 2 left on base; Augusta 4 - Hagerstown 1 |
| TOP OF THE 8TH |
|
Augusta GreenJackets batting - Pitching for Hagerstown Suns : RHP Roy Walker
|
|
Pitching: RHP Gilberto Ricalde
|
|
|
Batting: RHB Yutaka Oki
|
0-0: Ball 1-0: Ball 2-0: Ball 3-0: Called Strike 3-1: Called Strike 3-2: Foul Ball, location: 2F 3-2: Foul Ball, location: 2F 3-2: Ground out 3-1 (Groundball, 34, EV 103.1 MPH)
|
|
Batting: RHB Bill Defazio
|
0-0: Called Strike 0-1: Foul Ball, location: 2F 0-2: Strikes out swinging
|
|
Batting: RHB Adam Solesbee
|
0-0: Swinging Strike 0-1: Called Strike 0-2: Ball 1-2: Foul Ball, location: 2F 1-2: Foul Ball, location: 2F 1-2: Strikes out looking
|
| Top of the 8th over - 0 runs, 0 hits, 0 errors, 0 left on base; Augusta 4 - Hagerstown 1 |
| BOTTOM OF THE 8TH |
|
Hagerstown Suns batting - Pitching for Augusta GreenJackets : LHP Gil Longoria
|
|
Pitching: RHP Filip Nebylitsin
|
|
|
Batting: RHB Chris Pynn
|
0-0: TRIPLE (Flyball, 89XD, EV 93.8 MPH)
|
|
Batting: SHB Dan Castaneda
|
0-0: Ball 1-0: Swinging Strike Balk! Chris Pynn scores 1-1: Swinging Strike 1-2: Strikes out swinging
|
|
Batting: RHB Victor Cintron
|
0-0: Called Strike 0-1: Called Strike 0-2: Strikes out swinging
|
|
Batting: RHB Kevin Whitenack
|
0-0: Ball 1-0: Ground out 5-3 (Groundball, 5, EV 87.5 MPH)
|
| Bottom of the 8th over - 1 run, 1 hit, 0 errors, 0 left on base; Augusta 4 - Hagerstown 2 |
| TOP OF THE 9TH |
|
Augusta GreenJackets batting - Pitching for Hagerstown Suns : RHP Gilberto Ricalde
|
|
Pitching: RHP Chris Doty
|
|
|
Batting: LHB Fred Arends
|
0-0: Foul Ball, location: 2F 0-1: Called Strike 0-2: Strikes out swinging
|
|
Batting: RHB Dave Crouch
|
0-0: Called Strike 0-1: Ball 1-1: Called Strike 1-2: SINGLE (Flyball, 56D, EV 94.4 MPH)
|
|
Batting: RHB Micah McErlean
|
0-0: Called Strike Dave Crouch steals 2nd base 0-1: Ground out 5-3 (Groundball, 56, EV 79.4 MPH)
|
|
Batting: RHB Devin Lowery
|
0-0: Foul Ball, location: 2F 0-1: Fly out, F8 (Flyball, 8RXD, EV 103.1 MPH)
|
| Top of the 9th over - 0 runs, 1 hit, 0 errors, 1 left on base; Augusta 4 - Hagerstown 2 |
| BOTTOM OF THE 9TH |
|
Hagerstown Suns batting - Pitching for Augusta GreenJackets : RHP Filip Nebylitsin
|
|
Pitching: LHP Caleb Mullinax
|
|
|
Now in RF: Jonathan Reece
|
|
|
Batting: RHB Slavik Nebrodov
|
0-0: Ball 1-0: Called Strike 1-1: Swinging Strike 1-2: Strikes out swinging
|
|
Batting: RHB Jesus Malave
|
0-0: SINGLE (Groundball, 56S, EV 66.9 MPH) (infield hit)
|
|
Batting: RHB Jim Towle
|
0-0: Ball 1-0: Ball 2-0: Ball 3-0: Called Strike 3-1: Called Strike 3-2: Strikes out swinging
|
|
Batting: RHB Travis Stanley
|
0-0: Foul Ball, location: 2F 0-1: Ball 1-1: Swinging Strike 1-2: Ball 2-2: Strikes out swinging
|
| Bottom of the 9th over - 0 runs, 1 hit, 0 errors, 1 left on base; Augusta 4 - Hagerstown 2 |
|